 Dungeon Crawl Stone Soup version 0.30.1-11-g7821555f0a (webtiles) character file.

Game seed: 2159181123302193642

3737 anacleto the Grappler (level 9, -8/93 HPs)
             Began as a Troll Gladiator on Dec 15, 2023.
             Was a Believer of Qazlal.
             Mangled by a yak (9 damage)
             ... on level 8 of the Dungeon.
             The game lasted 00:19:50 (6439 turns).

anacleto the Grappler (Troll Gladiator)             Turns: 6439, Time: 00:19:51

Health: -8/93      AC:  9    Str: 28    XL:     9   Next: 93%
Magic:  8/8        EV: 12    Int:  4    God:    Qazlal [**....]
Gold:   266        SH:  2    Dex: 17    Spells: 8/8 levels left

rFire   . .          .
                       - Unarmed
rCold   . . .        (no shield)
rNeg    . . .        p - +0 acid dragon scales
rPois   .            b - +0 hat
rElec   .            y - +0 cloak
rCorr   +            (gloves unavailable)
SInv    .            (boots unavailable)
Will    .....        (no amulet)
Stlth   +            f - +6 ring of dexterity
HPRegen 1.15/turn    (no ring)
MPRegen 0.11/turn

%: no passive effects
@: lethally poisoned (-8 -> -9)
A: large, unfitting armour, claws 3, regeneration 1, shaggy fur 1, tough skin 1
a: Renounce Religion, Upheaval


You were on level 8 of the Dungeon.
You worshipped Qazlal.
Qazlal was pleased with you.
You visited 2 branches of the dungeon, and saw 9 of its levels.

You collected 266 gold pieces.

Inventory:

Missiles
 l - 3 javelins
 B - a throwing net
 D - 2 atropa-tipped darts
 E - a boomerang (quivered)
Armour
 b - a +0 hat (worn)
 p - +0 acid dragon scales (worn)
 y - a +0 cloak (worn)
Jewellery
 f - a +6 ring of dexterity (left claw)
 w - a ring of ice
Wands
 d - a wand of flame (11)
 r - a wand of mindburst (9)
 z - a wand of charming (11)
 C - a wand of polymorph (11)
Scrolls
 c - a scroll of magic mapping {unknown}
 i - 3 scrolls of immolation {unknown}
 k - 2 scrolls of blinking {unknown}
 n - 3 scrolls of fog {unknown}
 v - a scroll of fear {unknown}
 x - a scroll of enchant armour {unknown}
 A - a scroll of noise {unknown}
 F - a scroll of teleportation
Potions
 a - a potion of resistance {unknown}
 e - a potion of might {unknown}
 g - 2 potions of brilliance
 h - 2 potions of ambrosia {unknown}
 j - 3 potions of degeneration {unknown}
 m - 2 potions of cancellation {unknown}
 o - 4 potions of heal wounds
 q - a potion of experience {unknown}
 s - 6 potions of flight
 t - a potion of curing {unknown}
 u - a potion of mutation {unknown}


   Skills:
 * Level 7.0 Fighting
 + Level 5.5 Throwing
 + Level 5.4 Dodging
 * Level 8.9 Unarmed Combat


You had 8 spell levels left.
You didn't know any spells.
Your spell library contained the following spells:

 Spells                   Type           Power      Damage    Failure   Level
 Cigotuvi's Dreadful Rot  Necr/Pois/Air  0%         N/A       71%         2
 Sublimation of Blood     Necr           0%         N/A       71%         2
 Ignite Poison            Fire/Tmut/Pois 0%         N/A       91%         3
 Petrify                  Tmut/Erth      0%         N/A       100%        4
 Freezing Cloud           Conj/Ice/Air   0%         6-21      100%        5
 Irradiate                Conj/Tmut      0%         3d11      100%        5


Dungeon Overview and Level Annotations

Branches:
Dungeon (8/15)             Temple (1/1) D:4
   Lair: D:8-11

Altars:
Ashenzari
Cheibriados
Dithmenos
Elyvilon
Fedhas
Hepliaklqana
Makhleb
Nemelex Xobeh
Qazlal
Sif Muna
Trog
Uskayaw
Vehumet
Wu Jian
Xom
The Shining One

Annotations:
D:3 1 runed translucent door, Crazy Yiuf


Innate Abilities, Weirdness & Mutations

You are too large for most types of armour.
You have claws for hands.
Your natural rate of healing is unusually fast.
You are covered in fur. (AC +1)
You have tough skin. (AC +1)


Message History

You scratch the kobold.
You kill the kobold!
Qazlal accepts your kill.
You can now call upon nature to destroy your foes.
You feel sick.
You feel sick.
The kobold brigand throws a poisoned dart.
The poisoned dart hits you!
You are more poisoned.
Things that are here:
a +0 short sword; 6 poisoned darts You feel very sick.
You scratch the kobold brigand.
The kobold brigand is lightly wounded.
You feel sick. The yak gores you.
The kobold brigand hits you but does no damage.
You barely miss the kobold brigand.
The kobold brigand is lightly wounded.
You feel sick. The yak gores you. The yak gores you!
The kobold brigand hits you but does no damage.
You mangle the kobold brigand!!
The kobold brigand is severely wounded.
You feel sick. The yak gores you!
* * * LOW HITPOINT WARNING * * *
The yak gores you.
* * * LOW HITPOINT WARNING * * *
The kobold brigand hits you with a +0 short sword!
* * * LOW HITPOINT WARNING * * *
You scratch the kobold brigand but do no damage.
The kobold brigand is severely wounded.
You feel sick. The yak gores you!
* * * LOW HITPOINT WARNING * * *
The yak gores you.
* * * LOW HITPOINT WARNING * * *
The kobold brigand hits you but does no damage.
You scratch the kobold brigand but do no damage.
The kobold brigand is severely wounded.
* * * LOW HITPOINT WARNING * * *
You feel sick. The yak gores you!
You die...

######### #.#
#.......###.# #####
#.........#.# #...#
#.........#.# #...# # #
######....#.# #...#.# ..
#######....#.###...#.#..#
..............YY.......>.
.............#.##Y.......
...........###.K@Y)#.
...........# #######
..^........# .......#####
......... .......##.
.......# # ....####


You could see 2 yaks and a kobold brigand.

Vanquished Creatures
  Pikel (D:4)
  Maggie (D:6)
  A hornet (D:8)
  Grinder (D:6)
  4 yaks (D:8)
  Eustachio (D:6)
  A water moccasin (D:8)
  2 black bears
  2 ogres
  A kobold brigand (D:7)
  4 scorpions
  2 bullfrogs
  4 electric eels (D:6)
  3 howler monkeys
  An orc priest (D:6)
  9 hounds
  2 sleepcaps
  Jessica (D:2)
  2 orc wizards
  Robin (D:3)
  8 gnolls
  9 adders
  3 white imps
  An ufetubus (D:5)
  3 worms
  2 dart slugs
  16 orcs
  3 endoplasms
  5 giant cockroaches
  15 goblins
  7 hobgoblins
  2 jackals (D:4)
  13 kobolds
  2 quokkas
  5 ball pythons
  8 bats
  7 frilled lizards
  7 rats
160 creatures vanquished.

Notes
Turn   | Place    | Note
-------+----------+-------------------------------------------
     0 | D:1      | anacleto the Troll Gladiator began the quest for the Orb.
     0 | D:1      | Reached XP level 1. HP: 19/19 MP: 0/0
   115 | D:1      | Reached XP level 2. HP: 28/28 MP: 1/1
   668 | D:2      | Reached XP level 3. HP: 35/35 MP: 2/2
   927 | D:2      | Noticed Jessica
   939 | D:2      | Killed Jessica
   940 | D:2      | Reached XP level 4. HP: 39/42 MP: 3/3
  1033 | D:2      | Reached skill level 4 in Unarmed Combat
  1191 | D:3      | Noticed Robin
  1203 | D:3      | Killed Robin
  1667 | D:3      | Reached XP level 5. HP: 38/50 MP: 4/4
  1864 | D:3      | Found a runed translucent door.
  1865 | D:3      | Noticed Crazy Yiuf
  1899 | D:3      | Noticed a black bear
  1916 | D:3      | Killed a black bear
  1917 | D:3      | Reached XP level 6. HP: 45/61 MP: 5/5
  2321 | D:4      | Noticed Pikel
  2431 | D:4      | Killed Pikel
  2432 | D:4      | Reached skill level 5 in Unarmed Combat
  2432 | D:4      | Reached XP level 7. HP: 51/70 MP: 6/6
  2610 | D:4      | Found a staircase to the Ecumenical Temple.
  2871 | D:4      | Found a blossoming altar of Fedhas.
  2906 | D:4      | Reached skill level 6 in Unarmed Combat
  2930 | Temple   | Entered the Ecumenical Temple
  2994 | Temple   | Became a worshipper of Qazlal Stormbringer
  3036 | D:5      | Entered Level 5 of the Dungeon
  3115 | D:5      | Found a shimmering blue altar of Sif Muna.
  3229 | D:5      | Reached XP level 8. HP: 77/79 MP: 7/7
  3291 | D:5      | Found a white marble altar of Elyvilon.
  3662 | D:5      | Reached skill level 5 in Fighting
  4050 | D:6      | Reached * piety under Qazlal
  4100 | D:6      | Reached skill level 7 in Unarmed Combat
  4456 | D:6      | Noticed Grinder
  4457 | D:6      | Paralysed by Grinder for 2 turns
  4475 | D:6      | Noticed Eustachio
  4504 | D:6      | Killed Eustachio
  4505 | D:6      | Reached XP level 9. HP: 68/89 MP: 8/8
  4586 | D:6      | Noticed Maggie
  4599 | D:6      | Paralysed by Grinder for 3 turns
  4609 | D:6      | Paralysed by Grinder for 4 turns
  4616 | D:6      | HP: 1/89 [disintegration (10)]
  4789 | D:6      | Killed Maggie
  5184 | D:6      | Killed Grinder
  5185 | D:6      | Reached skill level 5 in Throwing
  5185 | D:6      | Reached skill level 8 in Unarmed Combat
  5403 | D:7      | Reached skill level 5 in Dodging
  5472 | D:7      | Found a shadowy altar of Dithmenos.
  6329 | D:8      | Paralysed by a hornet for 2 turns
  6432 | D:8      | Reached ** piety under Qazlal
  6438 | D:8      | HP: 1/93 [yak (4)]
  6439 | D:8      | Mangled by a yak

Illustrated notes

Levels and vault maps discovered:
D:1:      spicycebolla_green_bress_n_ham, layout_basic, serial_corexii_hall,
          corexii_hall_statues_t, chequers_hall_statues_y
D:2:      layout_loops_cross, minmay_tromino_i4, uniq_jessica
D:3:      layout_basic, st_stairs_12, nicolae_wormholes,
          uniq_crazy_yiuf_cottage, uniq_robin
D:4:      layout_rooms, mainiacjoe_overflow_brackets,
          minmay_temple_entry_butterflies, chequers_serial_rivers_large_b,
          uniq_pikel
D:5:      layout_loops_corners, marbit_many_paths, overflow_temple_1_default,
          kennysheep_generic_room_11
D:6:      layout_rooms, serial_bayou_lagoon_b, uniq_grinder, uniq_maggie,
          uniq_eustachio
D:7:      layout_cave_pods, lemuel_round_altar
D:8:      layout_basic
Temple:   hellmonk_temple_forest_ring

Skill      XL: |  1  2  3  4  5  6  7  8  9 |
---------------+----------------------------+-----
Throwing       | 2 3 4 5 |  5.5
Fighting       | 2 3 4 5 7 |  7.0
Unarmed Combat | 4 5 6 7 8 |  8.9
Dodging        | 3 4 5 |  5.4

Action                     |  1- 3 |  4- 6 |  7- 9 || total
---------------------------+-------+-------+-------++-------
  Melee: Unarmed           |    74 |   101 |   218 ||   393
         Punch             |       |       |    12 ||    12
  Throw: Throwing net      |     2 |     1 |       ||     3
         Javelin           |       |     5 |     6 ||    11
         Large rock        |       |     2 |       ||     2
         Boomerang         |       |       |     1 ||     1
  Evoke: Wand              |       |       |    12 ||    12
    Use: Scroll            |       |     4 |     3 ||     7
         Potion            |       |     1 |       ||     1
   Stab: Sleeping          |     4 |     1 |     3 ||     8
 Armour: Robe              |    23 |    40 |    49 ||   112
         Acid dragon scale |       |       |    25 ||    25
  Dodge: Dodged            |    39 |    81 |   143 ||   263
  Block: Other             |       |       |     3 ||     3
